 Dungeon Crawl Stone Soup version 0.21-a0-531-gacddea6 (webtiles) character file.

161 slep the Chopper (level 5, -3/41 HPs)
             Began as a Demonspawn Gladiator on Dec 14, 2017.
             Slain by a gnoll
             ... wielding a +0 spear
              (7 damage)
             ... on level 3 of the Dungeon.
             The game lasted 00:06:34 (2055 turns).

slep the Chopper (Demonspawn Gladiator)             Turns: 2055, Time: 00:06:34

Health: -3/41      AC: 10    Str: 15    XL:     5   Next: 19%
Magic:  5/5        EV: 12    Int:  9    God:
Gold:   53         SH:  0    Dex: 15    Spells: 4/4 levels left

rFire    . . .     SeeInvis +   a - +0 war axe
rCold    . . .     Gourm    .   (no shield)
rNeg     . . .     Faith    .   v - +0 scale mail (curse)
rPois    .         Spirit   .   w - +2 helmet {SInv}
rElec    .         Reflect  .   (no cloak)
rCorr    .         Harm     .   j - +0 pair of gloves
MR       .....                  (no boots)
Stlth    +.........             (no amulet)
HPRegen  0.13/turn              (no ring)
MPRegen  0.09/turn              (no ring)

@: no status effects
A: nightstalker 1, sturdy frame 2
a: no special abilities


You were on level 3 of the Dungeon.
You were hungry.

You visited 1 branch of the dungeon, and saw 3 of its levels.

You collected 53 gold pieces.

Inventory:

Hand Weapons
 a - a +0 war axe (weapon)
Missiles
 d - 3 throwing nets (quivered)
Armour
 b - a +0 leather armour
 c - a +0 helmet
 j - a +0 pair of gloves (worn)
 m - a +0 ring mail
 v - a cursed +0 scale mail (worn)
 w - a +2 helmet of see invisible (worn)
Scrolls
 k - 2 scrolls of enchant weapon {unknown}
 l - a scroll of remove curse {unknown}
 n - 2 scrolls of teleportation {unknown}
 t - a scroll of enchant armour {unknown}
Potions
 e - 3 potions of might {unknown}
 h - a potion of heal wounds {unknown}
 i - 2 potions of haste {unknown}
 o - a potion of degeneration {unknown}
 p - a potion of mutation {unknown}
 r - a potion of agility {unknown}
 s - a potion of flight {unknown}
 u - a potion of magic {unknown}
Comestibles
 f - 3 bread rations
 g - a meat ration
 q - a royal jelly


   Skills:
 + Level 3.0 Fighting
 + Level 4.0 Axes
 + Level 1.8 Throwing
 + Level 1.3 Armour
 + Level 3.3 Dodging
 + Level 0.2 Stealth


You had 4 spell levels left.
You didn't know any spells.

Dungeon Overview and Level Annotations

Branches:
Dungeon (3/15)

Altars:
Ru
Trog


Innate Abilities, Weirdness & Mutations

You are slightly more attuned to the shadows.
Your movements are less encumbered by armour. (ER -4)


Message History

The gnoll hits you with a spear.
* * * LOW HITPOINT WARNING * * *
The gnoll barely misses you.
You hit the gnoll.
You kill the gnoll!
Your Axes skill increases to level 4!
You hit the gnoll but do no damage. The gnoll barely misses you.
You barely miss the gnoll. The gnoll hits you with a spear.
* * * LOW HITPOINT WARNING * * *
The gnoll barely misses you.
You slash the gnoll!
The gnoll is severely wounded.
The gnoll barely misses you.
You barely miss the gnoll.
The gnoll is severely wounded.
The gnoll hits you but does no damage.
You hit the gnoll.
The gnoll is almost dead.
The gnoll hits you but does no damage. The gnoll hits you with a spear!
You die...

# # #. # #. # #. # #.
############## #.
#.............
.####)####.######.#####
.....)@....# #.#
.##..g>.#### #.#
##...## #.# ##.## #.#
#. #.# # #. #(# #.
##+## #.# ##.# ##...##
#.# ##...## ##.....##
###.#


You could see a gnoll.

Vanquished Creatures
  A worker ant (D:2)
  Robin (D:2)
  6 gnolls
  2 oozes
  2 worms (D:2)
  2 leopard geckos (D:2)
  An orc (D:2)
  A ball python (D:3)
  2 bats
  2 giant cockroaches (D:1)
  5 hobgoblins
  3 jackals (D:2)
  2 quokkas (D:2)
  4 frilled lizards
  12 goblins
  2 kobolds (D:1)
  5 rats (D:2)
53 creatures vanquished.

Notes
Turn   | Place    | Note
-------+----------+-------------------------------------------
     0 | D:1      | slep the Demonspawn Gladiator began the quest for the Orb.
     0 | D:1      | Reached XP level 1. HP: 16/16 MP: 1/1
   112 | D:1      | Gained mutation: Your movements are slightly less encumbered by armour. (ER -2) [demonic ancestry]
   112 | D:1      | Reached XP level 2. HP: 19/23 MP: 2/2
   892 | D:2      | Reached skill level 3 in Axes
   898 | D:2      | Gained mutation: Your movements are less encumbered by armour. (ER -4) [demonic ancestry]
   898 | D:2      | Reached XP level 3. HP: 12/28 MP: 3/3
   967 | D:2      | Found a bloodstained altar of Trog.
  1076 | D:2      | Gained mutation: You are slightly more attuned to the shadows. [demonic ancestry]
  1076 | D:2      | Reached XP level 4. HP: 17/34 MP: 4/4
  1213 | D:2      | Noticed Robin
  1219 | D:2      | Reached skill level 1 in Armour
  1232 | D:2      | Killed Robin
  1788 | D:2      | Found a sacrificial altar of Ru.
  2044 | D:3      | Reached XP level 5. HP: 26/41 MP: 5/5
  2051 | D:3      | Reached skill level 4 in Axes
  2055 | D:3      | Slain by a gnoll

Vault maps used:
D:1:      wheals_arrival_linesprint, amethyst_killhole
D:2:      nicolae_ru_the_path_less_chosen, overflow_temple_1_default,
          minmay_misc_feat_pillars, uniq_robin
D:3:      nemelex_xobeh_ov_fountains_minmay, overflow_temple_1_default,
          minmay_misc_feat_nine_boxes, grunt_ministairs_14, uniq_natasha

Skill      XL: |  1  2  3  4  5 |
---------------+----------------+-----
Axes           | 3 4 |  4.0
Dodging        | 3 |  3.3
Armour         | 1 |  1.3
Fighting       | 3 |  3.0
Throwing       | |  1.8
Stealth        | |  0.2

Action                   |  1- 3 |  4- 6 || total
-------------------------+-------+-------++-------
Melee: War axe           |    66 |    98 ||   164
 Stab: Sleeping          |       |     1 ||     1
  Eat: Chunk             |     1 |     2 ||     3
Armor: Leather armour    |     7 |       ||     7
       Ring mail         |    14 |    23 ||    37
       Scale mail        |       |    23 ||    23
Dodge: Dodged            |    42 |    91 ||   133

Table legend:
 A = Spawn XP
 B = Non-spawn XP
 C = Spawn XP percentage of total XP
 D = Spawn monster count
 E = Non-spawn monster count
 F = Spawn count percentage of total count
 G = Total turns spent on level
                    A         B        C        D         E        F      G
               +---------+---------+-------+---------+---------+-------+---------
         Total |       0 |     231 |   0.0 |       0 |      53 |   0.0 |  2055
               +---------+---------+-------+---------+---------+-------+---------
           D:1 |       0 |      18 |   0.0 |       0 |       8 |   0.0 |   878
           D:2 |       0 |     159 |   0.0 |       0 |      38 |   0.0 |   969
           D:3 |       0 |      54 |   0.0 |       0 |       7 |   0.0 |   208
               +---------+---------+-------+---------+---------+-------+---------
